 Dungeon Crawl Stone Soup version 0.30-a0-575-g6f4a10e2d2 (webtiles) character file.

Game seed: 3151891310399985831

589 M4edhros the Sneak (level 7, -10/45 HPs)
             Began as an Octopode Artificer on Dec 30, 2022.
             Mangled by Pikel
             ... wielding a +0 whip of electrocution
              (17 damage)
             ... on level 7 of the Dungeon.
             The game lasted 00:09:12 (1654 turns).

M4edhros the Sneak (Octopode Artificer)             Turns: 1654, Time: 00:09:13

Health: -10/45     AC:  1    Str: 11    XL:     7   Next: 38%
Magic:  7/7        EV: 14    Int: 14    God:
Gold:   264        SH:  0    Dex: 14    Spells: 3/6 levels left

rFire   . . .      SeeInvis .      - Unarmed
rCold   . . .      Faith    .    (no shield)
rNeg    . . .      Spirit   .    (helmet restricted)
rPois   .          Reflect  .    p - amulet of regeneration
rElec   .          Harm     .    k - ring of willpower
rCorr   .          Rampage  .    o - ring of wizardry
Will    +....                    z - ring of flight
Stlth   ++++                     (no ring)
HPRegen 1.07/turn                (no ring)
MPRegen 0.10/turn                (no ring)
                                 (no ring)
                                 (no ring)

@: flying
A: almost no armour, amphibious, 8 rings, camouflage 1, gelatinous body 1,
(nimble swimmer 1), tentacles
a: no special abilities


You were on level 7 of the Dungeon.
You visited 2 branches of the dungeon, and saw 8 of its levels.

You collected 264 gold pieces.

Inventory:

Missiles
 h - 2 throwing nets
 s - 7 poisoned darts (quivered)
 y - 5 stones
Magical Staves
 C - a staff of earth
Jewellery
 k - a ring of willpower (left tentacle)
 o - a ring of wizardry (right tentacle)
 p - an amulet of regeneration (around mantle)
 u - an amulet of reflection
 x - an amulet of the acrobat
 z - a ring of flight (on tentacle)
Wands
 b - a wand of flame (30)
 c - a wand of charming (10)
 d - a wand of iceblast (8)
Scrolls
 f - a scroll of enchant armour {unknown}
 g - a scroll of summoning {unknown}
 n - a scroll of vulnerability {unknown}
 v - a scroll of enchant weapon {unknown}
 w - 2 scrolls of identify {unknown}
 A - a scroll of poison {unknown}
 B - 2 scrolls of fear {unknown}
Potions
 a - a potion of mutation {unknown}
 e - a potion of degeneration {unknown}
 i - 4 potions of curing {unknown}
 j - 2 potions of heal wounds {unknown}
 l - a potion of resistance {unknown}
 m - a potion of haste {unknown}
 q - 4 potions of brilliance {unknown}
 r - a potion of cancellation {unknown}
 t - a potion of lignification {unknown}


   Skills:
 + Level 2.6 Fighting
 + Level 3.6 Dodging
 + Level 4.0 Stealth
 * Level 3.6 Unarmed Combat
 * Level 2.8 Conjurations
 * Level 2.7 Hexes
 - Level 3.6 Evocations


You had 3 spell levels left.
You knew the following spells:

 Your Spells              Type           Power      Damage    Failure   Level
a - Dazzling Flash        Conj/Hex       14%        N/A       12%         3

Your spell library contained the following spells:

 Spells                   Type           Power      Damage    Failure   Level
 Silence                  Hex/Air        1%         N/A       86%         5
 Agony                    Necr           0%         N/A       95%         5


Dungeon Overview and Level Annotations

Branches:
Dungeon (7/15)             Temple (1/1) D:4

Altars:
Ashenzari
Dithmenos
Elyvilon
Fedhas
Gozag
Hepliaklqana
Kikubaaqudgha
Okawaru
Qazlal
Sif Muna
Trog
Uskayaw
Vehumet
Wu Jian
Zin
The Shining One

Shops:
D:2 *

Annotations:
D:7 Pikel


Innate Abilities, Weirdness & Mutations

You cannot wear most types of armour.
You are amphibious.
You can wear up to eight rings at the same time.
Your skin changes colour to match your surroundings (Stealth+).
Your rubbery body absorbs attacks. (AC +1, EV +1)
((You are camouflaged when in or above water. (Stealth+)))
You have tentacles for arms and can constrict up to eight enemies at once.


Message History

Press: ? - help, Shift-Dir - straight line, f/p - Pikel
Aim: Pikel, wielding a +0 whip of electrocution and wearing a +2 robe of fire resistance (heavily wounded, 64% to hit)
The puff of flame misses Pikel.
You closely miss Pikel. You grab Pikel. You squeeze Pikel, but do no damage.
Pikel is heavily wounded.
You constrict Pikel.
Pikel hits you with a +0 whip of electrocution.
You tentacle-slap Pikel. You squeeze Pikel!
Pikel is almost dead.
You constrict Pikel, but do no damage.
Pikel hits you with a +0 whip of electrocution.
You are electrocuted!
You tentacle-slap Pikel but do no damage.
Pikel is almost dead.
You constrict Pikel.
Pikel hits you with a +0 whip of electrocution.
Aiming: Throw Flame
Press: ? - help, Shift-Dir - straight line, f/p - Pikel
Aim: Pikel, wielding a +0 whip of electrocution and wearing a +2 robe of fire resistance (almost dead, constricted by you, 100% to hit)
The puff of flame hits Pikel.
Pikel resists.
Pikel is almost dead.
You constrict Pikel. Pikel closely misses you.
You tentacle-slap Pikel but do no damage.
Pikel is almost dead.
You constrict Pikel, but do no damage.
Pikel hits you with a +0 whip of electrocution!
* * * LOW HITPOINT WARNING * * *
You tentacle-slap Pikel. Your squeeze misses Pikel.
Pikel is almost dead.
You constrict Pikel, but do no damage. Pikel misses you.
Aiming: Throw Flame
Press: ? - help, Shift-Dir - straight line, f/p - Pikel
Aim: Pikel, wielding a +0 whip of electrocution and wearing a +2 robe of fire resistance (almost dead, constricted by you, 100% to hit)
The puff of flame hits Pikel but does no damage.
Pikel is almost dead.
You constrict Pikel.
Pikel hits you with a +0 whip of electrocution!
* * * LOW HITPOINT WARNING * * *
You are electrocuted!
You die...

... #.### #.#.. #
#.#.###
..#+####.#.#.##
.........#.#..
#..).....#.#.###### #
...†.....#)#......#.#
##..)...K@.....##.#.#
+.............'....#
#.............##.###
...#+############.#<#
.# #.#.# #.#.# #.#.#
#.#.### #.#...#


You could see Pikel.

Vanquished Creatures
  Edmund (D:5)
  An ice beast (D:5)
  A jelly (D:5)
  3 hounds
  An iguana (D:4)
  Ijyb (D:3)
  An orc wizard (D:6)
  3 gnolls (D:2)
  An adder (D:2)
  A shadow imp (D:7)
  A worm (D:4)
  2 dart slugs (D:3)
  8 orcs
  4 bats (D:1)
  4 endoplasms
  A giant cockroach (D:2)
  2 goblins (D:1)
  6 kobolds
  6 quokkas
  4 ball pythons
  2 frilled lizards
  2 rats (D:3)
56 creatures vanquished.

Vanquished Creatures (collateral kills)
  A bullfrog (D:7)
  A shadow imp (D:7)
  2 orcs (D:7)
4 creatures vanquished.

Vanquished Creatures (others)
  2 fungi (D:1)
  A plant (D:3)
  4 toadstools (D:1)
7 creatures vanquished.

Grand Total: 67 creatures vanquished

Notes
Turn   | Place    | Note
-------+----------+-------------------------------------------
     0 | D:1      | M4edhros the Octopode Artificer began the quest for the
                  | Orb.
     0 | D:1      | Reached XP level 1. HP: 13/13 MP: 1/1
   144 | D:1      | Reached XP level 2. HP: 2/18 MP: 2/2
   242 | D:1      | You fall into a shaft and drop 1 floor!
   272 | D:2      | Reached skill level 1 in Unarmed Combat
   275 | D:2      | Reached skill level 2 in Stealth
   275 | D:2      | Reached XP level 3. HP: 19/23 MP: 3/3
   319 | D:2      | Found Olemalot's General Store.
   375 | D:3      | 372 regen amuu
   489 | D:4      | Reached XP level 4. HP: 28/28 MP: 4/4
   516 | D:4      | Found a staircase to the Ecumenical Temple.
   525 | Temple   | Entered the Ecumenical Temple
   525 | Temple   | Found a transporter.
   525 | Temple   | Found a transporter.
   527 | Temple   | Found a transporter.
   527 | Temple   | Found a transporter.
   686 | D:1      | Learned a level 3 spell: Dazzling Flash
   764 | D:3      | Noticed Ijyb
   778 | D:3      | Killed Ijyb
   840 | D:4      | Noticed a black bear
   874 | D:5      | Entered Level 5 of the Dungeon
   878 | D:5      | Noticed an ice beast
   892 | D:4      | Noticed a phantom
   902 | D:4      | Reached skill level 3 in Stealth
   902 | D:4      | Reached XP level 5. HP: 30/34 MP: 5/5
   931 | D:4      | Reached skill level 1 in Hexes
   948 | D:4      | Reached skill level 1 in Conjurations
  1257 | D:4      | Reached XP level 6. HP: 39/39 MP: 6/6
  1393 | D:5      | Found an ornate altar of the Wu Jian Council.
  1437 | D:5      | Noticed Edmund
  1443 | D:5      | Killed Edmund
  1470 | D:5      | Killed an ice beast
  1471 | D:5      | Reached XP level 7. HP: 45/45 MP: 7/7
  1614 | D:7      | Noticed Pikel
  1637 | D:7      | Reached skill level 4 in Stealth
  1654 | D:7      | Mangled by Pikel

Illustrated notes

#. #.# ##.##.# ...#.#
##......###
.......... #.. ....#
... #..# ####
#.##@.########..#
#...............#
###.###....#######..#
........)..# ##.#
........#..# #.#
..#######..# #.# #..#
#.# #..# #.# #..# #.#


Turn 375 on D:3: 372 regen amuu

Levels and vault maps discovered:
D:1:      lightli_arrival_farm, layout_basic, minmay_gold_behind_fungi
D:2:      layout_rooms, serial_shops, shop_fountains, minmay_increasing_density
D:3:      layout_loops_ring, dreamdust_princess_corridor, serial_bayou_ford_a,
          uniq_ijyb, uniq_grinder, uniq_natasha
D:4:      layout_loops_corners, lemuel_coloured_pillars_altar,
          minmay_temple_entry_antechambers, hangedman_decor_clover_reticule
D:5:      layout_rooms, lemuel_doored_altar, lemuel_tele_altar, uniq_edmund
D:6:      layout_loops_ring, xom_teletrap_fun
D:7:      layout_basic, nemelex_dance_club_becter,
          nicolae_ru_great_annihilating_truth, kennysheep_generic_room_11,
          uniq_pikel
Temple:   hellmonk_temple_divided_pantheon

Skill      XL: |  1  2  3  4  5  6  7 |
---------------+----------------------+-----
Unarmed Combat | 1 2 3 |  3.6
Stealth        | 2 3 4 |  4.0
Dodging        | 3 |  3.6
Hexes          | 1 2 |  2.7
Conjurations   | 1 2 |  2.8
Fighting       | 2 |  2.6
Evocations     | |  3.6

Action                   |  1- 3 |  4- 6 |  7- 9 || total
-------------------------+-------+-------+-------++-------
Melee: Unarmed           |    64 |    83 |    17 ||   164
       Constrict         |    18 |    19 |     6 ||    43
       Tentacles         |    13 |    17 |     7 ||    37
       Punch             |     1 |     5 |       ||     6
Throw: Dart              |       |     2 |       ||     2
Evoke: Wand              |       |    14 |     9 ||    23
 Stab: Sleeping          |     5 |     7 |       ||    12
Armor: Skin              |     4 |       |       ||     4
Dodge: Dodged            |    36 |    35 |     7 ||    78

Table legend: (Time is in decaauts)
 A = Elapsed time spent in this place.
 B = Non-inter-level travel time spent in this place.
 C = Inter-level travel time spent in this place.
 D = Time resting spent in this place.
 E = Time spent auto-exploring this place.
 F = Levels seen in this place.
 G = Mean time per level.
                   A        B        C        D        E       F      G
               +--------+--------+--------+--------+--------+-----+--------+
         Total |   1645 |   1462 |    183 |      0 |    157 |   8 |  205.6 |
       Dungeon |   1607 |   1424 |    183 |      0 |    157 |   7 |  229.6 |
        Temple |     37 |     37 |      0 |      0 |      0 |   1 |   37.0 |
               +--------+--------+--------+--------+--------+-----+--------+

Top non-repeatable levels by time:
     D:4: 437 daAuts
     D:1: 367 daAuts
     D:5: 209 daAuts
     D:3: 199 daAuts
     D:2: 136 daAuts
     D:7: 134 daAuts
     D:6: 123 daAuts
  Temple: 37 daAuts
